 Dungeon Crawl Stone Soup version 0.27-a0-1278-g6cbc8dfb29 (webtiles) character file.

Game seed: 16516897298225096726

100 porpoise the Cutter (level 4, -6/34 HPs)
             Began as a Demonspawn Wanderer on June 12, 2021.
             Mangled by Ijyb (18 damage)
             ... on level 3 of the Dungeon.
             The game lasted 00:10:36 (3516 turns).

porpoise the Cutter (Demonspawn Wanderer)           Turns: 3516, Time: 00:10:38

Health: -6/34      AC: 15    Str: 11    XL:     4   Next: 46%
Magic:  4/4        EV:  8    Int: 16    God:
Gold:   98         SH:  4    Dex: 12    Spells: 3/3 levels left

rFire    . . .     SeeInvis .   a - +2 dagger (protect)
rCold    . . .     Faith    .   d - +0 buckler
rNeg     . . .     Spirit   .   e - +0 scale mail
rPois    .         Reflect  .   (no helmet)
rElec    .         Harm     .   (no cloak)
rCorr    .         Rampage  .   (no gloves)
Will     .....                  (no boots)
Stlth    ..........             (no amulet)
HPRegen  0.11/turn              (no ring)
MPRegen  0.09/turn              (no ring)

@: under a protective aura
A: claws 1, icy blue scales 1
a: no special abilities


You were on level 3 of the Dungeon.
You visited 1 branch of the dungeon, and saw 3 of its levels.

You collected 98 gold pieces.

Inventory:

Hand Weapons
 a - a +2 dagger of protection (weapon)
Missiles
 b - 2 curare-tipped darts
 c - a boomerang (quivered)
 h - 104 stones
 j - 9 bolts
 l - 12 sling bullets
Armour
 d - a +0 buckler (worn)
 e - a +0 scale mail (worn)
Scrolls
 f - a scroll of magic mapping {unknown}
 g - a scroll of noise
 i - 2 scrolls of identify {unknown}
 k - 2 scrolls of enchant armour {unknown}


   Skills:
 + Level 2.4 Fighting
 - Level 3.6 Short Blades
 - Level 1.0 Maces & Flails
 - Level 1.0 Throwing
 - Level 1.7 Armour
 - Level 1.0 Dodging
 + Level 2.5 Shields
 + Level 1.5 Unarmed Combat


You had 3 spell levels left.
You didn't know any spells.
Your spell library was empty.

Dungeon Overview and Level Annotations

Branches:
Dungeon (3/15)

Altars:

Shops:
D:2 ?

Annotations:
D:2 exclusion: 2 downstairs
D:3 Ijyb


Innate Abilities, Weirdness & Mutations

You have sharp fingernails.
You are partially covered in icy blue scales. (AC +2)


Message History

Ijyb completely misses you.
You hit Ijyb but do no damage.
Ijyb hits you with a +2 dagger of electrocution.
You closely miss Ijyb.
Ijyb hits you with a +2 dagger of electrocution.
You completely miss Ijyb. Ijyb hits you but does no damage.
You hit Ijyb but do no damage. You hit Ijyb.
Ijyb is lightly wounded.
You block Ijyb's attack.
You hit Ijyb but do no damage.
Ijyb is lightly wounded.
Ijyb hits you but does no damage.
You barely miss Ijyb.
Ijyb is lightly wounded.
Ijyb barely misses you.
You hit Ijyb but do no damage.
Ijyb is lightly wounded.
Ijyb barely misses you.
You hit Ijyb.
Ijyb is lightly wounded.
Ijyb hits you but does no damage.
You closely miss Ijyb.
Ijyb is lightly wounded.
You closely miss Ijyb.
Ijyb is lightly wounded.
Ijyb hits you but does no damage.
You hit Ijyb but do no damage.
Ijyb is lightly wounded.
Ijyb hits you but does no damage.
You are electrocuted!
You closely miss Ijyb.
Ijyb is lightly wounded.
You block Ijyb's attack.
As you read the scroll labelled CINOSCH TAYTT, it crumbles to dust.
You hear a loud clanging noise!
It was a scroll of noise.
You hear a shout!
Ijyb hits you but does no damage.
You are electrocuted!!
Ouch! That really hurt!
You die...

#.. #.........### ......#
#...^..[..... ........#
###..........##
.........####.........†..#
..............#.........##
........##....##...####.#
........##..#..#.### #.###
.................## ##....
#........@......... ......
..##...#g####....## ##....
..#. #.#.#.# ####.. ...#..
.... #. ..... .# ## #..
....## # ....... #..
....<# .....>.(. #..
...... #........g. #..
.....# ............ #.#
.....# #........... #.


You could see Ijyb.

Vanquished Creatures
  A gnoll (D:1)
  3 adders
  2 worms (D:2)
  7 ball pythons
  4 endoplasms
  2 giant cockroaches
  7 goblins
  11 jackals
  A quokka (D:1)
  3 bats
  2 frilled lizards (D:1)
  4 kobolds (D:1)
  4 rats
51 creatures vanquished.

Notes
Turn   | Place    | Note
-------+----------+-------------------------------------------
     0 | D:1      | porpoise the Demonspawn Wanderer began the quest for the
                  | Orb.
     0 | D:1      | porpoise set off with the following items: a +2 dagger, 2
                  | curare-tipped darts, a +0 quarterstaff, a +0 buckler, a +0
                  | robe
     0 | D:1      | Reached XP level 1. HP: 13/13 MP: 1/1
   202 | D:1      | Reached skill level 1 in Fighting
   239 | D:1      | Gained mutation: You have sharp fingernails. [demonic
                  | ancestry]
   239 | D:1      | Reached XP level 2. HP: 11/21 MP: 2/2
  1130 | D:1      | Reached XP level 3. HP: 19/26 MP: 3/3
  1907 | D:2      | Reached skill level 1 in Unarmed Combat
  2245 | D:2      | Gained mutation: You are partially covered in icy blue
                  | scales. (AC +2) [demonic ancestry]
  2245 | D:2      | Reached XP level 4. HP: 28/33 MP: 4/4
  2287 | D:2      | Found Zyow's Magic Scroll Shop.
  3360 | D:3      | Noticed Ijyb
  3516 | D:3      | Mangled by Ijyb

Illustrated notes

Levels and vault maps discovered:
D:1:      matt_arrival_los_fun, layout_basic
D:2:      layout_basic, serial_shops, nicolae_shop_crystal, patterned_corridor
D:3:      layout_rooms, uniq_ijyb

Skill      XL: |  1  2  3 |
---------------+----------+-----
Fighting       | 1 2 |  2.4
Shields        | 2 |  2.5
Unarmed Combat | 1 |  1.5
Short Blades   | |  3.6
Maces & Flails | |  1.0
Throwing       | |  1.0
Armour         | |  1.7
Dodging        | |  1.0

Action                   |  1- 3 |  4- 6 || total
-------------------------+-------+-------++-------
Melee: Dagger            |   136 |    79 ||   215
Throw: Boomerang         |    23 |    29 ||    52
  Use: Potion            |     1 |       ||     1
       Scroll            |       |     1 ||     1
 Stab: Sleeping          |     3 |       ||     3
Armor: Robe              |    13 |       ||    13
       Scale mail        |    18 |    46 ||    64
Dodge: Dodged            |    51 |    23 ||    74
Block: Buckler           |    24 |     7 ||    31

Table legend: (Time is in decaauts)
 A = Elapsed time spent in this place.
 B = Non-inter-level travel time spent in this place.
 C = Inter-level travel time spent in this place.
 D = Time resting spent in this place.
 E = Time spent auto-exploring this place.
 F = Levels seen in this place.
 G = Mean time per level.
                   A        B        C        D        E       F      G
               +--------+--------+--------+--------+--------+-----+--------+
         Total |   3496 |   3270 |    226 |   1585 |   1259 |   3 | 1165.3 |
       Dungeon |   3496 |   3270 |    226 |   1585 |   1259 |   3 | 1165.3 |
               +--------+--------+--------+--------+--------+-----+--------+

Top non-repeatable levels by time:
     D:1: 1881 daAuts
     D:2: 1336 daAuts
     D:3: 277 daAuts
